 Dungeon Crawl Stone Soup version 0.31.0-9-g3a7656b989 (webtiles) character file.

Game seed: 8518979312221488693

218 qw the Skirmisher (level 5, -1/29 HPs)
             Began as a Deep Elf Hunter on Feb 2, 2024.
             Incinerated by a bombardier beetle (4 damage)
             ... with a burning spray
             ... on level 4 of the Dungeon.
             The game lasted 00:00:10 (1796 turns).

qw the Skirmisher (Deep Elf Hunter)                 Turns: 1796, Time: 00:00:11

Health: -1/29      AC:  7    Str: 10    XL:     5   Next: 63%
Magic:  7/7        EV: 11    Int: 14    God:
Gold:   116        SH:  0    Dex: 18    Spells: 4/4 levels left

rFire   . . .        a - +0 shortbow
rCold   . . .        (shield currently unavailable)
rNeg    . . .        g - +0 ring mail
rPois   .            d - +1 helmet
rElec   .            (no cloak)
rCorr   .            (no gloves)
SInv    .            (no boots)
Will    .....        o - amulet of faith
Stlth   +            (no ring)
HPRegen 0.24/turn    (no ring)
MPRegen 0.10/turn

%: faith
@: on fire, glowing
A: no striking features
a: no special abilities


You were on level 4 of the Dungeon.
You visited 1 branch of the dungeon, and saw 4 of its levels.

You collected 116 gold pieces.


   Skills:
 + Level 1.5 Fighting
 - Level 9.2 Ranged Weapons
 - Level 2.4 Dodging
 - Level 1.2 Stealth


You had 4 spell levels left.
You didn't know any spells.
Your spell library was empty.

Inventory:

Hand Weapons
 a - a +0 shortbow (weapon)
Armour
 d - a +1 helmet (worn)
 g - a +0 ring mail (worn)
Jewellery
 o - an amulet of faith (around neck)
Potions
 c - a potion of heal wounds
 e - a potion of curing
 f - a potion of haste
 j - a potion of mutation
 k - a potion of lignification {unknown}
 l - a potion of resistance {unknown}

Dungeon Overview and Level Annotations

Branches:
Dungeon (4/15)
 Temple: D:4-7

Altars:
Ashenzari
Gozag
Kikubaaqudgha
Makhleb
Okawaru
Ru
Sif Muna
Uskayaw


Message History

You shoot an arrow. The arrow hits the ball python!
You kill the ball python!
Found a stone staircase leading up.
Enter note: A bombardier beetle comes into view.
You shoot an arrow.
The arrow hits the bombardier beetle but does no damage.
You shoot an arrow. The arrow hits the bombardier beetle.
The bombardier beetle is lightly wounded.
You shoot an arrow.
The arrow hits the bombardier beetle but does no damage.
The bombardier beetle is lightly wounded.
You shoot an arrow. The arrow hits the bombardier beetle!
The bombardier beetle is severely wounded.
Found an iron altar of Okawaru.
1789 ||| PLANNING OKAWARU WORSHIP You shoot an arrow.
The arrow hits the bombardier beetle.
The bombardier beetle is almost dead.
The bombardier beetle sprays incendiary fluid at you.
The burning spray hits you.
You are covered in liquid fire!
You shoot an arrow.
The arrow barely misses the bombardier beetle.
The liquid fire burns you!
You shoot an arrow. The arrow hits the bombardier beetle.
The bombardier beetle is almost dead.
The liquid fire burns you!
You shoot an arrow. The arrow hits the bombardier beetle.
You kill the bombardier beetle!
The liquid fire burns you!
Your Ranged Weapons skill increases to level 9!
You are on fire!
The liquid fire burns you!
You are on fire!
The liquid fire burns you!
You are on fire!
The liquid fire burns you!
You are on fire!
The liquid fire burns you!
You die...

... .# ~. ...###
.#~~ _.....###.#.
.............. ...
.%......# ..
.#.##.<....# ...
..........###.#
....#.##...@.......
....#.#......####.#
#.##...###.###
#.###......# #.#
#...#..# #.#
###.#..# #.#
#......#
#.###.###..#
######.....# #.....


There were no monsters in sight!

Vanquished Creatures
  A bombardier beetle (D:4)
  10 adders
  4 ribbon worms
  4 dart slugs
  4 orcs (D:3)
  7 ball pythons
  5 bats
  8 endoplasms
  A giant cockroach (D:1)
  3 goblins
  3 hobgoblins
  3 jackals (D:2)
  3 quokkas
  12 kobolds
  6 rats
74 creatures vanquished.

Notes
Turn   | Place    | Note
-------+----------+-------------------------------------------
     0 | D:1      | qw the Deep Elf Hunter began the quest for the Orb.
     0 | D:1      | Reached XP level 1. HP: 12/12 MP: 3/3
     0 | D:1      | 0 ||| qw: Version: 0.3-a-155-g5e7d8dd
     0 | D:1      | 0 ||| qw: Game counter: 1701
     0 | D:1      | 0 ||| qw: Melee chars always use a shield: true
     0 | D:1      | 0 ||| qw: God list: Okawaru
     0 | D:1      | 0 ||| qw: Allow faded altars: false
     0 | D:1      | 0 ||| qw: Do Orc after clearing Dungeon:15 true
     0 | D:1      | 0 ||| qw: Do second Lair branch before Depths: true
     0 | D:1      | 0 ||| qw: Lair rune preference: random
     0 | D:1      | 0 ||| qw: Goals: Normal
     0 | D:1      | 0 ||| PLANNING D:1-11
    44 | D:1      | Reached skill level 6 in Ranged Weapons
    44 | D:1      | Reached XP level 2. HP: 16/16 MP: 4/4
   206 | D:1      | Found a faded altar of an unknown god.
   305 | D:1      | 305 ||| READING scroll labelled HISANN EQ YMU.
   306 | D:1      | 306 ||| READING scroll labelled PYCATU AVIXKIK.
   306 | D:1      | 306 ||| IDENTIFYING fuming grey potion
   307 | D:1      | 307 ||| READING scroll labelled FODERAARUP.
   308 | D:1      | 308 ||| READING scroll labelled VASUMA TASUSELERU.
   309 | D:1      | 309 ||| DROPPING scroll of butterflies.
   310 | D:1      | 310 ||| DROPPING potion of ambrosia.
   394 | D:2      | Reached XP level 3. HP: 19/20 MP: 5/5
   497 | D:2      | Reached skill level 7 in Ranged Weapons
   643 | D:2      | Reached XP level 4. HP: 18/25 MP: 6/6
   787 | D:2      | Found a burning altar of Makhleb.
   974 | D:2      | 974 ||| UPGRADING to +0 helmet.
   979 | D:2      | 979 ||| UPGRADING to +0 ring mail.
   989 | D:2      | 989 ||| DROPPING +0 leather armour.
   990 | D:2      | 990 ||| READING scroll labelled SISUUZ ZEFONWI.
   991 | D:2      | 991 ||| DRINKING 2 fizzy clear potions.
   992 | D:2      | 992 ||| FLEEEEING.
   993 | D:2      | 993 ||| FLEEEEING.
   994 | D:2      | 994 ||| FLEEEEING.
   995 | D:2      | 995 ||| FLEEEEING.
   996 | D:2      | 996 ||| FLEEEEING.
   997 | D:2      | 997 ||| FLEEEEING.
   998 | D:2      | 998 ||| FLEEEEING.
   999 | D:2      | 999 ||| STAIRDANCE
  1101 | D:1      | 1101 ||| DROPPING potion of berserk rage.
  1111 | D:3      | Reached skill level 8 in Ranged Weapons
  1299 | D:3      | Reached XP level 5. HP: 29/29 MP: 7/7
  1393 | D:3      | Identified the +3 quarterstaff "Amuh" {heavy, rElec rF- rN+
                  | Stlth+}
  1455 | D:3      | Found an ancient bone altar of Kikubaaqudgha.
  1616 | D:3      | 1616 ||| UPGRADING to amulet of faith.
  1621 | D:3      | 1621 ||| READING 4 scrolls of identify.
  1621 | D:3      | 1621 ||| IDENTIFYING bubbling orange potion
  1622 | D:3      | 1622 ||| READING 3 scrolls of identify.
  1622 | D:3      | 1622 ||| IDENTIFYING coppery potion
  1623 | D:3      | 1623 ||| READING 2 scrolls of identify.
  1623 | D:3      | 1623 ||| IDENTIFYING sedimented orange potion
  1624 | D:3      | 1624 ||| READING scroll of identify.
  1624 | D:3      | 1624 ||| IDENTIFYING fizzy golden potion
  1625 | D:3      | 1625 ||| READING scroll labelled LUUNWO FECAIS.
  1629 | D:3      | 1629 ||| READING scroll labelled SOIMOI FYMAIRGH.
  1629 | D:3      | 1629 ||| ENCHANTING +0 helmet.
  1630 | D:3      | 1630 ||| DRINKING 2 sapphire potions.
  1631 | D:3      | 1631 ||| DRINKING 2 smoky amethyst potions.
  1632 | D:3      | 1632 ||| DROPPING potion of degeneration.
  1633 | D:3      | 1633 ||| DROPPING potion of invisibility.
  1651 | D:4      | Found an opulent altar of Gozag.
  1656 | D:4      | Found a sacrificial altar of Ru.
  1665 | D:4      | Found a shimmering blue altar of Sif Muna.
  1665 | D:4      | Found a hide-covered altar of Uskayaw.
  1672 | D:4      | Found a broken altar of Ashenzari.
  1788 | D:4      | Found an iron altar of Okawaru.
  1789 | D:4      | 1789 ||| PLANNING OKAWARU WORSHIP
  1793 | D:4      | Reached skill level 9 in Ranged Weapons
  1793 | D:4      | HP: 7/29 [burnt (5)]
  1795 | D:4      | HP: 3/29 [burnt (3)]
  1796 | D:4      | Incinerated by a bombardier beetle

Levels and vault maps discovered:
D:1:      giann_bridges, layout_rooms, dreamdust_ecumenical_altar_statues
D:2:      layout_rooms, basic_altar, chequers_serial_rivers_micro_a
D:3:      layout_rooms, kiku_gazebo_garden_becter
D:4:      layout_loops_ring, grunt_dithmenos_smoke, bloody_makhleb,
          nicolae_overflow_hallway_of_the_gods,
          chequers_temple_overflow_statue_of_worship, fedhas_altar_2,
          minmay_temple_entry_sparse_star, serial_shops,
          nicolae_shop_tiny_real_fake_doors

Skill      XL: |  1  2  3  4  5 |
---------------+----------------+-----
Ranged Weapons | 6 7 8 9 |  9.2
Fighting       | |  1.5
Dodging        | |  2.4
Stealth        | |  1.2

Action                     |  1- 3 |  4- 6 || total
---------------------------+-------+-------++-------
   Fire: Shortbow          |   138 |   133 ||   271
    Use: Scroll            |     4 |     7 ||    11
         Potion            |       |     3 ||     3
 Armour: Leather armour    |    30 |    12 ||    42
         Ring mail         |       |    33 ||    33
  Dodge: Dodged            |    37 |    35 ||    72

Table legend:
 A = Non-vault XP
 B = Vault XP
 C = Vault XP percentage of total XP
 D = Non-vault monster count
 E = Vault monster count
 F = Vault count percentage of total count
                 A         B        C        D         E       F
            +---------+---------+-------+---------+---------+-------
      Total |     312 |       0 |   0.0 |      74 |       0 |   0.0
            +---------+---------+-------+---------+---------+-------
        D:1 |      37 |       0 |   0.0 |      22 |       0 |   0.0
        D:2 |     104 |       0 |   0.0 |      26 |       0 |   0.0
        D:3 |      84 |       0 |   0.0 |      18 |       0 |   0.0
        D:4 |      87 |       0 |   0.0 |       8 |       0 |   0.0
            +---------+---------+-------+---------+---------+-------
